 Dungeon Crawl Stone Soup version 0.17.0-28-g6e173f8 (webtiles) character file.

383 septik the Magician (level 6, -6/32 HPs)
             Began as a Deep Elf Fire Elementalist on Nov 22, 2015.
             Killed from afar by an orc wizard (8 damage)
             ... with a magic dart
             ... on level 4 of the Dungeon.
             The game lasted 00:08:44 (3282 turns).

septik the Magician (Deep Elf Fire Elementalist)    Turns: 3282, Time: 00:08:45

Health: -6/32      AC:  6    Str:  5    XL:     6   Next: 47%
Magic:  8/17       EV: 13    Int: 26    God:
Gold:   148        SH:  0    Dex: 15    Spells: 4 memorised, 4 levels left

rFire  . . .     SeeInvis .     d - +1 club
rCold  . . .     Clarity  .     A - +2 robe of Gehenna {Int+4}
rNeg   . . .     SustAt   .     (no shield)
rPois  .         Gourm    .     (no helmet)
rElec  .         Spirit   .     (no cloak)
rCorr  .         Warding  .     r - +1 pair of gloves
rMut   .         Stasis   .     (no boots)
MR     .....                    (no amulet)
Stlth  ++........               (no ring)
                                (no ring)

@: not resistant to hostile enchantments, unstealthy
A: no striking features
a: no special abilities


You were on level 4 of the Dungeon.
You were not hungry.

You visited 2 branches of the dungeon, and saw 5 of its levels.

You collected 148 gold pieces.

Inventory:

Hand Weapons
 d - a +1 club (weapon)
Missiles
 i - 233 stones (quivered)
 n - 5 javelins of penetration
Armour
 r - a +1 pair of gloves (worn)
 A - the +2 robe of Gehenna (worn) {Int+4}
   (You found it on level 4 of the Dungeon)

   It affects your intelligence (+4).
Scrolls
 e - a scroll of enchant armour
 f - 2 scrolls of teleportation
 h - 2 scrolls of immolation
 k - a scroll of remove curse
 u - a scroll of recharging
 v - a scroll of fear {unknown}
Potions
 j - a potion of flight {unknown}
 l - a potion of curing {unknown}
 o - 2 potions of cancellation {unknown}
 p - 2 potions of brilliance {unknown}
 q - 2 potions of degeneration {unknown}
 t - a potion of cure mutation {unknown}
 w - a potion of magic {unknown}
Books
 b - a book of Flames

   Spells                             Type                      Level
   a - Flame Tongue                   Conjuration/Fire             1
   b - Throw Flame                    Conjuration/Fire             2
   c - Conjure Flame                  Conjuration/Fire             3
   d - Inner Flame                    Hexes/Fire                   3
   e - Sticky Flame                   Conjuration/Fire             4
   f - Fireball                       Conjuration/Fire             5
Comestibles
 a - a royal jelly
 c - a bread ration
 g - 4 slices of pizza
 m - 3 chunks of flesh
 s - a meat ration
 z - 4 fruits


   Skills:
 - Level 2.4 Dodging
 - Level 2.4 Stealth
 + Level 6.0 Spellcasting
 * Level 4.2 Conjurations
 + Level 5.1 Fire Magic


You had 4 spell levels left.
You knew the following spells:

 Your Spells              Type           Power        Failure   Level  Hunger
a - Flame Tongue          Conj/Fire      ####.        1%          1    None
b - Conjure Flame         Conj/Fire      ####....     3%          3    None
c - Sticky Flame          Conj/Fire      ####....     12%         4    ###....
d - Fireball              Conj/Fire      ####......   30%         5    #####..


Dungeon Overview and Level Annotations

Branches:
Dungeon (4/15)             Temple (1/1) D:4

Altars:
Elyvilon
Fedhas
Makhleb
Okawaru
Qazlal
Xom
Yredelemnul

Shops:
D:4 *


Message History

Aiming: Flame Tongue
Press: ? - help, Shift-Dir - straight line, f/p - iguana
Aim: an iguana (heavily wounded)
The flame tongue hits the iguana.
You kill the iguana!
The orc hits you with a club.
* * * LOW HITPOINT WARNING * * *
The orc priest barely misses you.
Casting: Flame Tongue
Confirm with . or Enter, or press ? or * to list all spells.
Aiming: Flame Tongue
Press: ? - help, Shift-Dir - straight line, f - orc priest
Aim: an orc priest, wielding a club The flame tongue hits the orc priest.
The orc priest is severely wounded.
The orc hits you with a flail.
* * * LOW HITPOINT WARNING * * *
The orc wizard gestures at you while chanting.
The magic dart hits you!
You die...

########################
.........)...#..........
.......>.....'..o.......
.............#..@o.)....
##.....##....#..oo......
#########....##....###..
.............##....#
.....................
#<.....##....##.......
#......##....##........
##.....##....##.$..##..
#### #............##
....


You could see an orc priest, an orc wizard and 2 orcs.

Vanquished Creatures
  An ogre (D:4)
  A hound (D:4)
  An orc wizard (D:3)
  An iguana (D:4)
  A giant frog skeleton (D:4)
  A worker ant (D:4)
  5 adders
  2 oozes (D:2)
  A worm (D:2)
  5 giant geckos
  5 orcs
  10 bats
  9 hobgoblins
  11 jackals
  11 kobolds
  2 ball pythons (D:3)
  2 giant gecko skeletons (D:4)
  3 giant newts
  9 goblins
  4 quokkas
  A quokka skeleton (D:4)
  6 rats
92 creatures vanquished.

Notes
Turn   | Place    | Note
--------------------------------------------------------------
     0 | D:1      | septik the Deep Elf Fire Elementalist began the quest for the Orb.
     0 | D:1      | Reached XP level 1. HP: 10/10 MP: 6/6
   307 | D:1      | Reached XP level 2. HP: 12/15 MP: 1/8
   678 | D:1      | Reached skill level 4 in Spellcasting
   838 | D:1      | Reached XP level 3. HP: 17/19 MP: 6/10
  1413 | D:2      | Reached XP level 4. HP: 24/24 MP: 9/12
  1855 | D:3      | Found a white marble altar of Elyvilon.
  2045 | D:3      | Reached skill level 5 in Spellcasting
  2045 | D:3      | Reached XP level 5. HP: 28/28 MP: 1/14
  2444 | D:4      | Noticed an ogre
  2454 | D:3      | Learned a level 3 spell: Conjure Flame
  2459 | D:3      | Learned a level 4 spell: Sticky Flame
  2465 | D:3      | Learned a level 5 spell: Fireball
  2605 | D:4      | Got a ripped robe
  2632 | D:3      | Identified the +2 robe of Gehenna {Int+4} (You found it on level 4 of the Dungeon)
  2654 | D:4      | Found Wimovai's General Store.
  2656 | D:4      | Found a staircase to the Ecumenical Temple.
  2664 | Temple   | Entered the Ecumenical Temple
  3216 | D:4      | Reached XP level 6. HP: 32/32 MP: 14/16
  3241 | D:4      | Killed an ogre
  3241 | D:4      | Reached skill level 6 in Spellcasting
  3241 | D:4      | Reached skill level 5 in Fire Magic
  3282 | D:4      | Killed from afar by an orc wizard

Action                   |  1- 3 |  4- 6 || total
-------------------------+-------+-------++-------
Melee: Unarmed           |     1 |       ||     1
       Club              |     2 |       ||     2
 Cast: Flame Tongue      |    77 |   100 ||   177
       Sticky Flame      |       |     1 ||     1
  Use: Scroll            |       |     9 ||     9
  Eat: Chunk             |     1 |     6 ||     7
